 Dungeon Crawl Stone Soup version 0.23-a0-629-gae4348f (webtiles) character file.

343 Leeroy the Slasher (level 6, 0/46 HPs)
             Began as a Barachi Skald on Dec 25, 2018.
             Slain by a hound (5 damage)
             ... on level 5 of the Dungeon.
             The game lasted 00:09:24 (3109 turns).

Leeroy the Slasher (Barachi Skald)                  Turns: 3109, Time: 00:09:25

Health: 0/46       AC:  9    Str: 12    XL:     6   Next: 57%
Magic:  6/9        EV: 11    Int: 15    God:
Gold:   66         SH:  0    Dex: 12    Spells: 2/9 levels left

rFire    . . .     SeeInvis .   F - +1 short sword (drain)
rCold    + . .     Gourm    .   (no shield)
rNeg     . . .     Faith    .   e - +0 ring mail {rC+}
rPois    .         Spirit   .   (no helmet)
rElec    .         Reflect  .   q - +2 cloak
rCorr    .         Harm     .   k - +0 pair of gloves
MR       .....                  (no boots)
Stlth    +.........             (no amulet)
HPRegen  0.15/turn              (no ring)
MPRegen  0.11/turn              (no ring)

@: slow
A: +LOS, swims, slowness 1, strong legs 1
a: Hop


You were on level 5 of the Dungeon.
You were hungry.

You visited 1 branch of the dungeon, and saw 5 of its levels.

You collected 66 gold pieces.

Inventory:

Hand Weapons
 a - a +0 falchion
 c - a +0 falchion
 x - a +0 flail
 A - a +0 trident
 C - a +0 mace
 F - a +1 short sword of draining (weapon)
 G - a +2 dagger of venom
Missiles
 m - 3 tomahawks (quivered)
 o - 207 stones
 w - 30 bolts
 y - 15 sling bullets
 z - 3 poisoned tomahawks
 E - 16 arrows
Armour
 b - a +0 leather armour
 e - a +0 ring mail of cold resistance (worn)
 h - a +0 ring mail
 k - a +0 pair of gloves (worn)
 n - a +0 chain mail
 q - a +2 cloak (worn)
 u - a +0 shield
 B - a +0 scale mail
 I - a +0 scale mail
 J - a cursed +0 leather armour
Scrolls
 f - 2 scrolls of enchant armour
 l - 2 scrolls of identify {unknown}
 p - 2 scrolls of fog {unknown}
 r - a scroll of remove curse {unknown}
 s - 2 scrolls of teleportation {unknown}
 t - 2 scrolls of immolation
 v - a scroll of noise {unknown}
Potions
 g - a potion of invisibility {unknown}
 j - a potion of degeneration {unknown}
 D - 2 potions of agility {unknown}
Comestibles
 d - 5 rations
 H - 2 chunks of flesh


   Skills:
 - Level 2.4 Fighting
 - Level 0.3(4.0) Short Blades
 + Level 7.1 Long Blades
 + Level 2.6 Armour
 - Level 2.1 Dodging
 - Level 2.1 Spellcasting
 * Level 2.3 Hexes
 - Level 3.2 Charms


You had 2 spell levels left.
You knew the following spells:

 Your Spells              Type           Power        Failure   Level  Hunger
a - Infusion              Chrm           ##..         12%         1    #......
b - Spectral Weapon       Hex/Chrm       ##......     41%         3    ###....
c - Regeneration          Chrm/Necr      #.........   58%         3    ###....

Your spell library contained the following spells:

 Spells                   Type           Power        Failure   Level  Hunger
 Song of Slaying          Chrm           ##......     19%         2    ###....
 Shroud of Golubria       Chrm/Tloc      #.........   36%         2    ###....


Dungeon Overview and Level Annotations

Branches:
Dungeon (5/15)
 Temple: D:4-7

Altars:
Elyvilon
Hepliaklqana

Annotations:
D:3 1 runed door, Philosophy's ghost, amateur MfFi


Innate Abilities, Weirdness & Mutations

Shadows flee at your approach. (+LOS)
You can swim through water.
You cover ground slowly.
You can hop short distances.


Message History

* * * LOW HITPOINT WARNING * * *
Your spectral weapon misses the adder.
The adder closely misses you.
You hit the adder.
The adder is almost dead.
Your spectral weapon closely misses the adder.
The hound barely misses you. The adder closely misses you.
The hound closely misses you.
You barely miss the adder.
The adder is almost dead.
Your spectral weapon closely misses the adder.
The adder closely misses you. The hound bites you.
* * * LOW HITPOINT WARNING * * *
Unknown command.
You closely miss the adder.
The adder is almost dead.
Your spectral weapon barely misses the adder.
The hound bites you.
* * * LOW HITPOINT WARNING * * *
The adder barely misses you. The hound bites you.
You die...

###### ##
#....## ..#
###.....# ....
#.......# .....
##......#......
#....(.........
#..S@........
###.h5.......
#$.##.....##
#... .......
..... .#...#
..<..# .# .##
...### . # ##..
.. #. #


You could see a hound, a crimson imp, an adder and a friendly spectral +1 short
sword of draining.

Vanquished Creatures
  A phantom (D:4)
  An orc wizard (D:3)
  2 orc priests (D:3)
  2 worker ants (D:4)
  3 adders
  3 worms
  A dart slug (D:2)
  5 leopard geckos
  13 orcs
  A giant cockroach (D:2)
  4 goblins
  6 hobgoblins
  5 jackals
  8 bats
  2 frilled lizards
  4 kobolds
  7 rats
68 creatures vanquished.

Notes
Turn   | Place    | Note
-------+----------+-------------------------------------------
     0 | D:1      | Leeroy the Barachi Skald began the quest for the Orb.
     0 | D:1      | Reached XP level 1. HP: 17/17 MP: 3/3
   263 | D:1      | Reached skill level 3 in Long Blades
   386 | D:1      | Reached XP level 2. HP: 23/23 MP: 5/5
   772 | D:2      | Reached skill level 4 in Long Blades
   789 | D:2      | Reached XP level 3. HP: 28/28 MP: 6/6
   794 | D:2      | Learned a level 3 spell: Spectral Weapon
   940 | D:2      | Found a white marble altar of Elyvilon.
  1477 | D:3      | Reached skill level 5 in Long Blades
  1477 | D:3      | Reached XP level 4. HP: 11/34 MP: 1/7
  1512 | D:3      | Reached skill level 1 in Hexes
  2055 | D:3      | Found a runed door.
  2055 | D:3      | Noticed a hungry ghost
  2055 | D:3      | Noticed Philosophy's ghost (amateur MfFi)
  2189 | D:3      | Reached XP level 5. HP: 39/39 MP: 8/8
  2457 | D:3      | Learned a level 3 spell: Regeneration
  2497 | D:3      | Reached skill level 6 in Long Blades
  2923 | D:4      | Reached XP level 6. HP: 46/46 MP: 9/9
  2979 | D:4      | Noticed a phantom
  3042 | D:4      | Killed a phantom
  3042 | D:4      | Reached skill level 7 in Long Blades
  3080 | D:4      | Found a hazy altar of Hepliaklqana.
  3098 | D:5      | Entered Level 5 of the Dungeon
  3109 | D:5      | Slain by a hound

Vault maps used:
D:1:      nicolae_arrival_memento_mori
D:2:      elyvilon_altar_1
D:3:      ebering_ghost_inner_flame
D:4:      old_standard_altar, serial_shops, kennysheep_mini
D:5:      lemuel_insect_pit, marbit_many_paths, gammafunk_ghost_smash,
          first_ration, uniq_grinder

Skill      XL: |  1  2  3  4  5  6 |
---------------+-------------------+-----
Long Blades    | 3 4 5 6 7 |  7.1
Hexes          | 1 2 |  2.3
Armour         | 2 |  2.6
Fighting       | |  2.4
Short Blades   | |  0.3
Dodging        | |  2.1
Spellcasting   | |  2.1
Charms         | |  3.2

Action                   |  1- 3 |  4- 6 || total
-------------------------+-------+-------++-------
Melee: Falchion          |   144 |    74 ||   218
       Short sword       |       |    49 ||    49
       Dagger            |       |    25 ||    25
Throw: Tomahawk          |       |     9 ||     9
 Cast: Infusion          |     1 |     1 ||     2
       Spectral Weapon   |       |     1 ||     1
  Use: Scroll            |     1 |       ||     1
       Potion            |     2 |     3 ||     5
 Stab: Sleeping          |     1 |     1 ||     2
  Eat: Chunk             |     3 |     5 ||     8
Armor: Leather armour    |    82 |    24 ||   106
       Ring mail         |       |    27 ||    27
Dodge: Dodged            |   137 |    85 ||   222
       Rpst.: Falchion   |    41 |    11 ||    52

Table legend:
 A = Non-vault XP
 B = Vault XP
 C = Vault XP percentage of total XP
 D = Non-vault monster count
 E = Vault monster count
 F = Vault count percentage of total count
                 A         B        C        D         E       F
            +---------+---------+-------+---------+---------+-------
      Total |     491 |       0 |   0.0 |      68 |       0 |   0.0
            +---------+---------+-------+---------+---------+-------
        D:1 |      14 |       0 |   0.0 |      10 |       0 |   0.0
        D:2 |      38 |       0 |   0.0 |      13 |       0 |   0.0
        D:3 |     224 |       0 |   0.0 |      34 |       0 |   0.0
        D:4 |     215 |       0 |   0.0 |      11 |       0 |   0.0
            +---------+---------+-------+---------+---------+-------
